 Dungeon Crawl Stone Soup version 0.31.0-32-g396128a36d (webtiles) character file.

Game seed: 7273984157278279659

5905 porpoise the Cleaver (level 10, -1/91 HPs)
             Began as a Hill Orc Reaver on Apr 18, 2024.
             Was a Believer of Qazlal.
             Slain by a white ugly thing (23 damage)
             ... on level 9 of the Dungeon.
             The game lasted 00:32:38 (10197 turns).

porpoise the Cleaver (Hill Orc Reaver)             Turns: 10197, Time: 00:32:38

Health: -1/91      AC: 10    Str: 18    XL:     10   Next: 82%
Magic:  17/17      EV: 11    Int: 13    God:    Qazlal [**....]
Gold:   477        SH:  8    Dex: 11    Spells: 8/12 levels left

rFire   . . .        w - +7 Throatcutter {drain, coup de grace}
rCold   . . .        (no shield)
rNeg    . . .        x - +2 ring mail {Will+}
rPois   .            (no helmet)
rElec   .            (no cloak)
rCorr   .            A - +0 pair of gloves
SInv    +            t - +0 pair of boots
Will    +....        J - amulet of reflection Stlth
                     f - ring of see invisible
HPRegen 0.35/turn    (no ring)
MPRegen 0.15/turn

%: reflection
@: no status effects
A: no striking features
a: Renounce Religion, Upheaval


You were on level 9 of the Dungeon.
You worshipped Qazlal.
Qazlal was pleased with you.
You visited 2 branches of the dungeon, and saw 10 of its levels.
You also visited: Sewer.

You collected 477 gold pieces.

Inventory:

Hand Weapons
 a - a +3 war axe
 b - a +2 sling of flaming
 e - a +2 trident of draining
 w - the +7 Throatcutter (weapon) {drain, coup de grace}
   (You found it on level 4 of the Dungeon)
 K - a +2 heavy orcbow
Missiles
 c - 32 poisoned darts (quivered)
 i - 4 boomerangs
 r - 2 atropa-tipped darts
 M - a curare-tipped dart
Armour
 n - +0 steam dragon scales
 t - a +0 pair of boots (worn)
 x - a +2 ring mail of willpower (worn)
 A - a +0 pair of gloves (worn)
 H - an orb of energy
 L - a scarf of harm
Jewellery
 f - a ring of see invisible (left hand)
 g - an amulet of faith
 o - an amulet of guardian spirit
 y - a +6 ring of intelligence
 J - an amulet of reflection (around neck)
Wands
 z - a wand of flame (38)
 B - a wand of digging (3)
 D - a wand of paralysis (9)
 F - a wand of roots (12)
Scrolls
 k - a scroll of fog {unknown}
 m - a scroll of enchant weapon
 p - a scroll of noise {unknown}
 q - a scroll of teleportation
 u - a scroll of immolation {unknown}
 v - a scroll of fear
 E - a scroll of poison {unknown}
 I - a scroll of vulnerability {unknown}
Potions
 d - 5 potions of curing
 h - 4 potions of heal wounds
 j - 3 potions of might
 l - 3 potions of invisibility
 s - a potion of enlightenment
 C - a potion of lignification {unknown}
 G - 2 potions of brilliance


   Skills:
 - Level 9.0 Fighting
 - Level 8.0 Long Blades
 * Level 11.5 Axes
 + Level 3.9 Armour
 - Level 1.5 Dodging
 - Level 1.5 Spellcasting
 - Level 3.0 Conjurations
 + Level 10.5 Invocations


You had 8 spell levels left.
You knew the following spells:

 Your Spells              Type           Power      Damage    Failure   Level
a - Kiss of Death         Conj/Necr      16%        2d6       26%         1
b - Tukima's Dance        Hex            1%         N/A       80%         3

Your spell library contained the following spells:

 Spells                   Type           Power      Damage    Failure   Level
 Momentum Strike          Conj/Tloc      8%         3d8       36%         2
 Hailstorm                Conj/Ice       4%         3d5       58%         3
 Anguish                  Hex/Necr       0%         N/A       99%         4
 Cause Fear               Hex            0%         N/A       99%         4
 Passage of Golubria      Tloc           1%         N/A       99%         4
 Vhi's Electric Charge    Tloc/Air       2%         N/A       99%         4
 Arcjolt                  Conj/Air       2%         1d12      100%        5
 Yara's Violent Unravell  Hex/Alch       0%         3d3       100%        5
 Plasma Beam              Fire/Air       0%         2x1d10    100%        6
 Enfeeble                 Hex            0%         N/A       100%        7


Dungeon Overview and Level Annotations

Branches:
Dungeon (9/15)             Temple (1/1) D:5             Orc (0/2) D:9
  Sewer (visited)
   Lair: D:8-11

Altars:
Ashenzari
Cheibriados
Dithmenos
Elyvilon
Fedhas
Gozag
Hepliaklqana
Kikubaaqudgha
Makhleb
Nemelex Xobeh
Qazlal
Ru
Sif Muna
Trog
Uskayaw
Vehumet
Wu Jian
Xom
Yredelemnul
Zin

Shops:
D:3 (   D:6 =

Annotations:
D:7 2 transporters, TacoSundae's ghost, novice VSSh


Message History

An orc comes into view. It is wielding a +0 hand axe.
Items here: )) [ †.
You hit the orc.
You behead the orc!
You kill the orc!
Qazlal accepts your kill.
No target in view!
You see here a +0 hand axe.
You hear a horrible gurgling sound!
A white ugly thing comes into view.
The white ugly thing pecks you. The white ugly thing freezes you!!
You closely miss the white ugly thing.
The white ugly thing pecks you but does no damage.
You slash the white ugly thing!
The white ugly thing is lightly wounded.
The white ugly thing pecks you! The white ugly thing freezes you!
You slash the white ugly thing!
The white ugly thing is moderately wounded.
The white ugly thing barely misses you.
You completely miss the white ugly thing.
The white ugly thing is moderately wounded.
The white ugly thing pecks you but does no damage.
You hit the white ugly thing but do no damage.
The white ugly thing is moderately wounded.
The white ugly thing misses you.
You slash the white ugly thing! You drain the white ugly thing.
The white ugly thing is heavily wounded.
You block the white ugly thing's attack.
You slash the white ugly thing!
The white ugly thing is severely wounded.
You block the white ugly thing's attack.
You slash the white ugly thing!
The white ugly thing is almost dead.
The white ugly thing pecks you. The white ugly thing freezes you!!
* * * LOW HITPOINT WARNING * * *
You closely miss the white ugly thing.
The white ugly thing is severely wounded.
The white ugly thing pecks you.
* * * LOW HITPOINT WARNING * * *
The white ugly thing freezes you!!
You die...

#.##.# #.##.# ####
#.##.# #... #.##.#
#... #.##.# #...
#.##.# #... #.##.#
#...
#####.##.########...
#.u@.....).)...##...
#.############.#####
# #.# #. . #.####.
..>.##.#.##.
.........#...
.....##...... #...
######. ### #.


You could see a white ugly thing (drained).

Vanquished Creatures
  A two-headed ogre (D:9)
  Pikel (D:7)
  Joseph (D:7)
  Jeremiah (D:7)
  4 yaks (D:9)
  A wyvern (D:7)
  A steam dragon (D:9)
  2 orc warriors
  An ice beast (D:7)
  3 black bears
  2 sky beasts
  2 ogres (D:5)
  2 centaurs
  3 kobold brigands
  3 bullfrogs
  A scorpion (D:7)
  8 wights
  8 killer bees
  A howler monkey (D:5)
  2 bombardier beetles
  8 orc priests
  4 hounds
  2 jellies
  A sleepcap (D:7)
  Jessica (D:3)
  2 iguanas
  10 orc wizards
  8 adders
  5 river rats (Sewer)
  A white imp (D:7)
  4 ufetubi
  5 ribbon worms
  2 dart slugs
  24 orcs
  11 ball pythons
  5 endoplasms
  4 giant cockroaches
  A goblin (D:1)
  8 hobgoblins
  7 jackals (D:4)
  7 quokkas
  5 bats
  4 frilled lizards
  26 kobolds
  31 rats
234 creatures vanquished.

Notes
Turn   | Place    | Note
-------+----------+-------------------------------------------
     0 | D:1      | porpoise the Hill Orc Reaver began the quest for the Orb.
     0 | D:1      | Reached XP level 1. HP: 18/18 MP: 3/3
   148 | D:1      | Reached XP level 2. HP: 18/25 MP: 4/4
   521 | D:1      | Reached skill level 5 in Axes
   631 | D:2      | Reached XP level 3. HP: 31/31 MP: 5/5
  1171 | D:2      | Reached XP level 4. HP: 36/38 MP: 6/6
  1175 | D:2      | Learned a level 3 spell: Tukima's Dance
  1310 | D:2      | Reached skill level 6 in Axes
  1502 | D:3      | Found a basalt altar of Yredelemnul.
  1730 | D:3      | Found a glowing drain.
  1738 | Sewer    | Entered a sewer
  1776 | Sewer    | Reached XP level 5. HP: 27/46 MP: 7/7
  2305 | Sewer    | Noticed a kobold brigand
  2311 | Sewer    | Reached skill level 7 in Axes
  2330 | Sewer    | Killed a kobold brigand
  2331 | Sewer    | Reached XP level 6. HP: 14/53 MP: 8/8
  2618 | Sewer    | Reached skill level 5 in Fighting
  2945 | D:3      | Reached skill level 8 in Axes
  3046 | D:3      | Found Kerhabunk's Antique Weapon Shoppe.
  3122 | D:3      | Noticed Jessica
  3130 | D:3      | Killed Jessica
  3313 | D:3      | Found a faded altar of an unknown god.
  3712 | D:4      | Found the +7 Throatcutter {drain, coup de grace}
  3917 | D:4      | Reached XP level 7. HP: 61/61 MP: 9/9
  4064 | D:4      | Reached skill level 1 in Long Blades
  4423 | D:4      | HP: 3/62 [orc priest/+0 trident (8)]
  4890 | D:4      | Reached skill level 9 in Axes
  4890 | D:4      | Found a shimmering blue altar of Sif Muna.
  5261 | D:5      | Entered Level 5 of the Dungeon
  5304 | D:5      | Found a staircase to the Ecumenical Temple.
  5326 | Temple   | Entered the Ecumenical Temple
  5357 | Temple   | Became a worshipper of Qazlal Stormbringer
  5407 | D:5      | Reached skill level 1 in Invocations
  5518 | D:5      | Reached XP level 8. HP: 63/71 MP: 10/10
  6019 | D:5      | Found a sacrificial altar of Ru.
  6406 | D:6      | Found Efuqijorph's Jewellery Shop.
  6490 | D:6      | Found a white marble altar of Elyvilon.
  7190 | D:7      | Noticed Joseph
  7194 | D:7      | Paralysed by Joseph for 4 turns
  7203 | D:7      | Killed Joseph
  7204 | D:7      | Reached skill level 5 in Long Blades
  7204 | D:7      | Reached skill level 5 in Invocations
  7204 | D:7      | Reached XP level 9. HP: 49/82 MP: 11/13
  7426 | D:7      | Noticed Pikel
  7430 | D:7      | Reached * piety under Qazlal
  7439 | D:7      | Killed Pikel
  7770 | D:7      | Noticed TacoSundae's ghost (novice VSSh)
  7773 | D:7      | Found a bloodstained altar of Trog.
  7773 | D:7      | Noticed a moth of wrath
  7789 | D:7      | Found a transporter.
  7838 | D:7      | Noticed Jeremiah
  7894 | D:7      | Found a transporter.
  8086 | D:7      | Killed Jeremiah
  8087 | D:7      | Reached XP level 10. HP: 33/77 MP: 16/16
  8587 | D:8      | Reached skill level 1 in Armour
  9181 | D:9      | Noticed a two-headed ogre
  9201 | D:9      | Reached skill level 10 in Axes
  9206 | D:9      | Reached ** piety under Qazlal
  9219 | D:9      | Killed a two-headed ogre
  9220 | D:9      | Reached skill level 10 in Invocations
  9297 | D:9      | Reached skill level 11 in Axes
 10061 | D:9      | Found a staircase to the Orcish Mines.
 10187 | D:9      | Noticed a white ugly thing
 10197 | D:9      | Slain by a white ugly thing

Illustrated notes

Levels and vault maps discovered:
D:1:      matt_arrival_debris, layout_rooms
D:2:      layout_loops_cross
D:3:      layout_loops_ring, mainiacjoe_overflow_cross_hatched,
          gup_sewer_entry_spiral, basic_ecumenical_altar, serial_shops,
          nicolae_shop_back_alley_shop, st_stairs_10, uniq_jessica
D:4:      mumra_celtic_spiral_tile, layout_basic, hellmonk_sif_muna_bookshelves
D:5:      layout_basic, nicolae_ru_awakened_eye, minmay_temple_entry_waves
D:6:      layout_loops_ring, elyvilon_altar_1, serial_shops, shop
D:7:      layout_cave_pools, gammafunk_ghost_wrathful_warriors, minivault_1,
          minmay_door_square, due_unseen_surprise, uniq_jeremiah, uniq_joseph,
          uniq_pikel
D:8:      layout_rooms
D:9:      layout_loops_ring, gammafunk_temple_overflow_elements, orc_0_dummy
Temple:   kb_temple_of_zot

Skill      XL: |  1  2  3  4  5  6  7  8  9 10 |
---------------+-------------------------------+-----
Fighting       | 3 4 5 6 8 9 |  9.0
Axes           | 5 6 7 8 9 11 | 11.5
Long Blades    | 2 5 8 |  8.0
Invocations    | 1 5 9 10 | 10.5
Armour         | 3 |  3.9
Dodging        | |  1.5
Spellcasting   | |  1.5
Conjurations   | |  3.0

Action                     |  1- 3 |  4- 6 |  7- 9 | 10-12 || total
---------------------------+-------+-------+-------+-------++-------
  Melee: Hand axe          |   140 |   277 |       |       ||   417
         Long sword        |       |    19 |   194 |   119 ||   332
         Punch             |       |     1 |       |       ||     1
         War axe           |       |       |    15 |       ||    15
   Fire: Sling             |       |       |     3 |       ||     3
  Throw: Dart              |       |       |       |     1 ||     1
  Evoke: Wand              |       |       |       |     1 ||     1
    Use: Scroll            |       |     2 |     5 |     4 ||    11
 Armour: Leather armour    |    55 |       |       |       ||    55
         Ring mail         |    30 |   165 |   188 |    74 ||   457
  Dodge: Dodged            |   104 |   145 |   118 |    58 ||   425
  Block: Other             |       |       |     2 |    25 ||    27
         Reflection        |       |       |       |     1 ||     1
